Map: Cyber Forest LE

Players

Clem - Winner!

  • Race: Terran Terran
  • Spawn Location: 11:00

SunSet

  • Race: Zerg Zerg
  • Spawn Location: 5:00

Event: 2019 WCS Spring

VOD

Have the link to the VOD?

Description

Time

  • Played on: May 17, 2019, 7:40 a.m.
  • Length: 7:59

All games in this series

Show
View Real Time Build Order
Export as new Build Order

Clem Terran - Winner!

Build Orders: Gas First Reaper Expand, Banshee Rush 

Get SALT Encoding   

  12  0:00  SCV  
  13  0:12  SCV  
  14  0:17  Supply Depot  
  14  0:24  SCV  
  15  0:28  Refinery  
  15  0:38  SCV  
  16  0:45  Barracks  
  16  0:50  SCV  
  17  1:02  SCV  
  18  1:15  SCV  
  19  1:32  Reaper, Orbital Command  
  20  1:43  Command Center  
  20  1:54  Factory  
  20  1:59  SCV  
  21  2:06  Barracks Reactor  
  21  2:11  SCV  
  21  2:13  Supply Depot  
  22  2:19  Refinery  
  22  2:23  SCV  
  22  2:35  SCV  
  23  2:42  Starport  
  23  2:46  Hellion  
  23  2:47  SCV, Hellion  
  23  2:51  Barracks Tech Lab  
  28  2:59  Orbital Command  
  28  3:01  SCV  
  29  3:08  Hellion  
  31  3:13  Hellion  
  31  3:16  SCV  
  34  3:24  SCV  
  35  3:29  SCV  
  35  3:30  Cloaking Field  
  36  3:34  Banshee  
  36  3:39  Marine x2  
  40  3:43  SCV  
  40  3:45  SCV, Supply Depot  
  40  3:47  Factory Tech Lab  
  42  3:56  Marine x2  
  42  3:57  SCV  
  42  3:58  SCV  
  42  4:00  Supply Depot  
  46  4:07  Siege Tank  
  46  4:09  Supply Depot  
  49  4:11  SCV  
  49  4:14  SCV  
  51  4:17  Marine x2  
  51  4:21  Banshee  
  56  4:28  SCV x2  
  58  4:41  Command Center  
  58  4:45  Siege Tank  
  61  4:51  Marine x2  
  63  4:56  SCV x2  
  56  5:08  SCV x2, Marine  
  56  5:09  Marine  
  50  5:26  Marine x2  
  49  5:38  SCV x2  
  49  5:42  Refinery  
  51  5:44  Marine x2  
  53  5:50  SCV  
  53  5:52  Siege Tank  
  53  5:55  SCV  
  58  6:02  SCV, Marine  
  60  6:06  Supply Depot  
  60  6:07  SCV, Marine  
  61  6:14  SCV  
  61  6:17  Banshee  
  65  6:19  SCV  
  65  6:21  Supply Depot  
  65  6:23  Refinery  
  66  6:25  Marine x2  
  66  6:26  SCV  
  66  6:31  SCV  
  70  6:38  SCV  
  71  6:41  Barracks  
  71  6:42  Barracks  
  71  6:43  SCV  
  71  6:45  Siege Tank  
  75  6:47  Marine x2  
  75  6:51  SCV  
  78  6:55  Supply Depot  
  78  6:58  Orbital Command  
  78  7:00  SCV  
  79  7:07  SCV  
  80  7:12  SCV, Supply Depot  
  80  7:13  Starport Reactor  
  81  7:19  Marine x2  
  81  7:20  SCV  
  84  7:24  SCV  
  84  7:25  SCV  
  86  7:30  Engineering Bay  
  86  7:31  Engineering Bay  
  86  7:34  Barracks Reactor  
  86  7:37  Marine  
  86  7:39  SCV x2  
  89  7:44  Refinery  
  89  7:45  Supply Depot  
Show
View Real Time Build Order
Export as new Build Order

SunSet Zerg 

Build Orders: Hatch First 

Get SALT Encoding   

  12  0:01  Drone  
  13  0:12  Overlord  
  13  0:17  Drone  
  14  0:30  Drone x2  
  14  0:34  Drone  
  17  0:53  Hatchery  
  17  0:56  Drone  
  17  0:59  Drone  
  18  1:09  Extractor  
  17  1:15  Spawning Pool  
  17  1:17  Drone  
  17  1:20  Drone  
  18  1:28  Drone  
  19  1:38  Drone  
  20  1:51  Overlord  
  20  2:01  Zergling x2  
  20  2:04  Queen  
  20  2:06  Queen, Zergling x2  
  26  2:08  Metabolic Boost  
  26  2:13  Drone  
  27  2:18  Drone  
  27  2:22  Drone  
  30  2:30  Drone  
  30  2:32  Drone  
  31  2:46  Drone  
  31  2:48  Hatchery  
  31  2:50  Drone  
  32  2:54  Lair  
  32  2:58  Drone  
  32  3:01  Drone  
  34  3:06  Overlord  
  34  3:09  Drone  
  34  3:11  Drone  
  36  3:22  Overlord  
  36  3:24  Queen  
  36  3:26  Drone  
  39  3:27  Zergling x4  
  39  3:30  Zergling x2  
  42  3:35  Overlord  
  42  3:41  Zergling x2  
  43  3:43  Zergling x2  
  44  3:50  Zergling x6  
  46  3:56  Queen  
  46  3:57  Nydus Network, Zergling x2  
  46  4:00  Zergling x2  
  49  4:06  Zergling x6  
  49  4:07  Zergling x2  
  53  4:12  Zergling x4  
  53  4:15  Zergling x2  
  56  4:17  Overlord  
  56  4:27  Zergling x6  
  56  4:28  Zergling x4  
  61  4:34  Nydus Canal  
  61  4:35  Zergling x6  
  61  4:36  Zergling x2  
  65  4:43  Zergling x2  
  66  4:46  Zergling x6  
  66  4:52  Nydus Canal  
  69  4:53  Zergling x4  
  69  4:56  Zergling x2  
  61  5:01  Zergling x2  
  61  5:02  Zergling x2  
  61  5:05  Zergling x2  
  57  5:12  Nydus Canal  
  57  5:13  Zergling x4  
  55  5:14  Queen  
  55  5:15  Zergling x2  
  56  5:22  Zergling x2  
  56  5:23  Queen  
  56  5:25  Zergling x2  
  45  5:36  Zergling x6  
  45  5:37  Zergling x2  
  45  5:40  Queen  
  50  5:43  Zergling x2  
  50  5:44  Zergling x2  
  50  5:48  Zergling x2  
  53  5:51  Queen  
  55  5:59  Nydus Canal  
  53  6:10  Zergling x2  
  53  6:11  Zergling x10  
  56  6:13  Overseer  
  56  6:15  Zergling x2  
  56  6:17  Zergling x2  
  58  6:22  Overlord  
  58  6:30  Overlord  
  58  6:36  Baneling Nest  
  58  6:37  Zergling x2  
  58  6:39  Overlord  
  58  6:40  Queen x2  
  58  6:44  Zergling x2  
  58  6:45  Zergling x6  
  66  6:48  Drone x2  
  66  6:50  Zergling x2  
  69  6:55  Nydus Canal  
  69  7:05  Nydus Canal  
  69  7:07  Zergling x2  
  69  7:08  Zergling x12  
  76  7:17  Nydus Canal  
  76  7:18  Drone x2  
  76  7:21  Zergling x2, Drone  
  76  7:22  Drone  
  81  7:26  Drone  
  82  7:32  Overlord  
  82  7:38  Overlord  
  82  7:40  Overlord  
  81  7:50  Nydus Canal  
Tags
 
Add a new tag
Caveats
  • Supply blocks, unpowered buildings, or Contaminate may cause inaccurate times.
  • Supply counts are checked every 10 seconds.